 Dungeon Crawl Stone Soup version 0.22-a0-447-gee5f723 (webtiles) character file.

3815 incide the Magician (level 10, -2/115 HPs)
             Began as a Gnoll Skald on June 3, 2018.
             Was a Believer of Sif Muna.
             Killed from afar by a hell hound (20 damage)
             ... with a blast of flame
             ... on level 8 of the Dungeon.
             The game lasted 00:18:25 (6428 turns).

incide the Magician (Gnoll Skald)                   Turns: 6428, Time: 00:18:26

Health: -2/115     AC: 25    Str: 15    XL:     10   Next: 17%
Magic:  14/20      EV:  2    Int: 18    God:    Sif Muna [**....]
Gold:   309        SH:  5    Dex: 14    Spells: 12/23 levels left

rFire    . . .     SeeInvis .   f - +4 scimitar (flame)
rCold    . . .     Gourm    .   r - +0 buckler
rNeg     + + +     Faith    .   (armour currently unavailable)
rPois    +         Spirit   .   (helmet currently unavailable)
rElec    .         Reflect  .   (cloak currently unavailable)
rCorr    .         Harm     .   (gloves currently unavailable)
MR       .....     NoTele   +   (boots currently unavailable)
Stlth    +++.......             (no amulet)
HPRegen  1.29/turn              t - +5 ring of evasion
MPRegen  0.17/turn              D - ring of teleportation

@: tree-form, regenerating
A: distributed training, strong nose
a: Divine Energy, Renounce Religion


You were on level 8 of the Dungeon.
You worshipped Sif Muna.
Sif Muna was pleased with you.
You were not hungry.
You were a tree.
You visited 2 branches of the dungeon, and saw 9 of its levels.

You collected 309 gold pieces.

Inventory:

Hand Weapons
 a - a +0 hand axe
 f - a +4 scimitar of flaming (weapon)
 q - a +2 falchion of protection
 w - a +0 blowgun
 y - a +1 hand axe
Missiles
 p - 5 tomahawks of returning (quivered)
 x - 43 poisoned needles
Armour
 b - a +0 leather armour
 o - a +0 cloak (melded)
 r - a +0 buckler (worn)
 A - a +0 shield
 F - a +1 pair of gloves (melded)
 H - a +2 robe of cold resistance
 I - a +0 robe of magic resistance
 J - a +2 robe of magic resistance (melded)
Jewellery
 t - a +5 ring of evasion (left branch)
 D - a ring of teleportation (right branch)
Wands
 B - a wand of random effects (17)
 G - a wand of enslavement (4)
Scrolls
 g - a scroll of blinking
 j - a scroll of amnesia
 k - a scroll of enchant weapon
 l - 4 scrolls of identify
 m - a scroll of enchant armour
 n - 2 scrolls of teleportation
 v - 2 scrolls of remove curse
 E - 2 scrolls of immolation {unknown}
Potions
 c - 3 potions of curing {unknown}
 e - a potion of heal wounds {unknown}
 h - a potion of agility {unknown}
 i - a potion of might {unknown}
 s - 3 potions of lignification
 u - a potion of mutation {unknown}
 z - a potion of brilliance {unknown}
 C - 2 potions of degeneration {unknown}
Comestibles
 d - 8 rations


   Skills:
 + Level 6.8 Fighting
 + Level 4.9 Short Blades
 + Level 4.9 Long Blades
 + Level 6.8 Axes
 + Level 4.9 Maces & Flails
 + Level 4.9 Polearms
 + Level 4.9 Staves
 + Level 4.9 Slings
 + Level 4.9 Bows
 + Level 4.9 Crossbows
 + Level 4.9 Throwing
 + Level 5.6 Armour
 + Level 6.8 Dodging
 + Level 4.9 Stealth
 + Level 4.9 Shields
 + Level 4.9 Unarmed Combat
 + Level 7.1 Spellcasting
 + Level 4.1 Conjurations
 + Level 4.1 Hexes
 + Level 6.9 Charms
 + Level 4.1 Summonings
 + Level 4.1 Necromancy
 + Level 4.1 Translocations
 + Level 4.1 Transmutations
 + Level 4.1 Fire Magic
 + Level 4.1 Ice Magic
 + Level 4.1 Air Magic
 + Level 4.1 Earth Magic
 + Level 4.1 Poison Magic
 + Level 5.4 Invocations
 + Level 4.9 Evocations


You had 12 spell levels left.
You knew the following spells:

 Your Spells              Type           Power        Failure   Level  Hunger
a - Infusion              Chrm           ####         1%          1    None
b - Song of Slaying       Chrm           ####....     1%          2    None
c - Shroud of Golubria    Chrm/Tloc      ####......   1%          2    None
d - Regeneration          Chrm/Necr      ####......   3%          3    ##.....
e - Spectral Weapon       Hex/Chrm       ####....     3%          3    ##.....

Your spell library contained the following spells:

 Spells                   Type           Power        Failure   Level  Hunger
 Animate Dead             Necr           N/A          21%         4    ####...
 Pain                     Necr           ###.         1%          1    None
 Animate Skeleton         Necr           N/A          1%          1    None
 Vampiric Draining        Necr           ###.......   6%          3    ##.....


Dungeon Overview and Level Annotations

Branches:
Dungeon (8/15)             Temple (1/1) D:7            Lair (0/6) D:8

Altars:
Cheibriados
Dithmenos
Elyvilon
Fedhas
Gozag
Hepliaklqana
Kikubaaqudgha
Makhleb
Nemelex Xobeh
Okawaru
Qazlal
Ru
Sif Muna
Trog
Uskayaw
Vehumet
Wu Jian
Xom
Zin
The Shining One


Innate Abilities, Weirdness & Mutations

Your experience applies equally to all skills.
((You have very sharp teeth.))
Your uncanny sense of smell can sniff out nearby items.


Message History

The hell hound is severely wounded.
The hell hound bites you!
* * * LOW HITPOINT WARNING * * *
Your shroud falls apart!
The hell hound barely misses you. The hell hound breathes flames at you.
The blast of flame hits you!
* * * LOW HITPOINT WARNING * * *
It was a potion of lignification.
You turn into a tree.
Your +0 cloak melds into your body.
Your +1 pair of gloves melds into your body.
Your +2 robe of magic resistance melds into your body.
You feel less resistant to hostile enchantments.
Your roots penetrate the ground.
The hell hound bites you.
* * * LOW HITPOINT WARNING * * *
The hell hound bites you but does no damage.
You block the hell hound's attack. The hell hound breathes flames at you.
Helpless, you fail to dodge the blast of flame.
You die...

+....... #.......
#.......∆ ##.....
#..... #...# #...#####
#########...'.†.#
.....:..#♣..#.#.#
.#####..hh.)...!#
#....§≈≈.....#
#.#.≈.≈≈≈≈...# ∆
#.#.≈≈..§≈≈..# #
#.≈§.>.≈≈..#
....≈≈..≈§..# #####+#
#.#..≈≈≈≈≈≈..####......
#.#...≈≈≈§.....##......


You could see 2 hell hounds.

Vanquished Creatures
  Erica (D:8)
  Prince Ribbit (D:5)
  Eustachio (D:6)
  The ghost of junkhipster the Covered, an amateur GrFi (D:3)
  Edmund (D:6)
  Duvessa (D:6)
  An orc warrior (D:7)
  2 ice beasts
  A phantom (D:7)
  2 necrophages (D:7)
  3 centaurs
  2 ogres (D:4)
  A bullfrog (D:8)
  Dowan (D:6)
  A scorpion (D:5)
  6 wights (D:7)
  6 crimson imps
  2 bullfrog zombies
  A jelly (D:6)
  6 orc wizards
  3 hounds
  7 worker ants
  A hound zombie (D:7)
  2 hound skeletons
  A mummy (D:7)
  2 howler monkey zombies (D:7)
  6 gnolls (D:6)
  2 worker ant zombies (D:7)
  12 adders
  2 shadow imps (D:7)
  2 oozes
  An adder skeleton (D:6)
  4 worms
  8 dart slugs
  A leopard gecko (D:1)
  11 orcs
  7 giant cockroaches
  6 goblins
  6 hobgoblins
  11 jackals
  A quokka (D:5)
  2 ball pythons
  5 bats
  4 frilled lizards
  6 kobolds
  A leopard gecko zombie (D:8)
  6 rats
161 creatures vanquished.

Vanquished Creatures (others)
  A spectral weapon (D:6)
1 creature vanquished.

Grand Total: 162 creatures vanquished

Notes
Turn   | Place    | Note
-------+----------+-------------------------------------------
     0 | D:1      | incide the Gnoll Skald began the quest for the Orb.
     0 | D:1      | Reached XP level 1. HP: 20/20 MP: 6/6
    46 | D:1      | Reached XP level 2. HP: 23/26 MP: 7/7
   131 | D:1      | Learned a level 2 spell: Song of Slaying
   134 | D:1      | Learned a level 2 spell: Shroud of Golubria
   406 | D:1      | Reached XP level 3. HP: 31/31 MP: 9/9
   756 | D:2      | Reached skill level 5 in Spellcasting
   885 | D:2      | Reached skill level 1 in Invocations
  1142 | D:2      | Reached skill level 1 in Short Blades
  1142 | D:2      | Reached skill level 1 in Long Blades
  1142 | D:2      | Reached skill level 1 in Maces & Flails
  1142 | D:2      | Reached skill level 1 in Polearms
  1142 | D:2      | Reached skill level 1 in Staves
  1142 | D:2      | Reached skill level 1 in Slings
  1142 | D:2      | Reached skill level 1 in Bows
  1142 | D:2      | Reached skill level 1 in Crossbows
  1142 | D:2      | Reached skill level 1 in Throwing
  1142 | D:2      | Reached skill level 1 in Stealth
  1142 | D:2      | Reached skill level 1 in Shields
  1142 | D:2      | Reached skill level 1 in Unarmed Combat
  1142 | D:2      | Reached skill level 1 in Evocations
  1186 | D:2      | Reached XP level 4. HP: 38/38 MP: 11/11
  1528 | D:2      | Found an opulent altar of Gozag.
  1529 | D:2      | Found a sparkling altar of Nemelex Xobeh.
  1756 | D:3      | Reached skill level 1 in Conjurations
  1756 | D:3      | Reached skill level 1 in Hexes
  1756 | D:3      | Reached skill level 1 in Summonings
  1756 | D:3      | Reached skill level 1 in Necromancy
  1756 | D:3      | Reached skill level 1 in Translocations
  1756 | D:3      | Reached skill level 1 in Transmutations
  1756 | D:3      | Reached skill level 1 in Fire Magic
  1756 | D:3      | Reached skill level 1 in Ice Magic
  1756 | D:3      | Reached skill level 1 in Air Magic
  1756 | D:3      | Reached skill level 1 in Earth Magic
  1756 | D:3      | Reached skill level 1 in Poison Magic
  1782 | D:3      | Learned a level 3 spell: Regeneration
  1786 | D:3      | Learned a level 3 spell: Spectral Weapon
  1827 | D:3      | Noticed junkhipster's ghost (amateur GrFi)
  1839 | D:3      | Killed junkhipster's ghost
  1839 | D:3      | Reached skill level 3 in Armour
  1839 | D:3      | Reached XP level 5. HP: 41/43 MP: 4/12
  1897 | D:3      | Reached XP level 6. HP: 50/50 MP: 11/13
  2010 | D:3      | Found a white marble altar of Elyvilon.
  2109 | D:3      | Reached skill level 2 in Invocations
  2413 | D:4      | Found an ornate altar of the Wu Jian Council.
  2470 | D:4      | Found a deep blue altar of Sif Muna.
  2607 | D:4      | Reached skill level 5 in Fighting
  2607 | D:4      | Reached skill level 2 in Short Blades
  2607 | D:4      | Reached skill level 2 in Long Blades
  2607 | D:4      | Reached skill level 5 in Axes
  2607 | D:4      | Reached skill level 2 in Maces & Flails
  2607 | D:4      | Reached skill level 2 in Polearms
  2607 | D:4      | Reached skill level 2 in Staves
  2607 | D:4      | Reached skill level 2 in Slings
  2607 | D:4      | Reached skill level 2 in Bows
  2607 | D:4      | Reached skill level 2 in Crossbows
  2607 | D:4      | Reached skill level 2 in Throwing
  2607 | D:4      | Reached skill level 5 in Dodging
  2607 | D:4      | Reached skill level 2 in Stealth
  2607 | D:4      | Reached skill level 2 in Shields
  2607 | D:4      | Reached skill level 2 in Unarmed Combat
  2607 | D:4      | Reached skill level 2 in Evocations
  2642 | D:4      | Became a worshipper of Sif Muna the Loreminder
  3067 | D:4      | Reached XP level 7. HP: 51/56 MP: 15/15
  3231 | D:5      | Entered Level 5 of the Dungeon
  3308 | D:5      | Reached skill level 2 in Conjurations
  3308 | D:5      | Reached skill level 2 in Hexes
  3308 | D:5      | Reached skill level 2 in Summonings
  3308 | D:5      | Reached skill level 2 in Necromancy
  3308 | D:5      | Reached skill level 2 in Translocations
  3308 | D:5      | Reached skill level 2 in Transmutations
  3308 | D:5      | Reached skill level 2 in Fire Magic
  3308 | D:5      | Reached skill level 2 in Ice Magic
  3308 | D:5      | Reached skill level 2 in Air Magic
  3308 | D:5      | Reached skill level 2 in Earth Magic
  3308 | D:5      | Reached skill level 2 in Poison Magic
  3375 | D:5      | Noticed Prince Ribbit
  3400 | D:5      | Killed Prince Ribbit
  3400 | D:5      | Reached skill level 3 in Invocations
  3460 | D:5      | Found a sacrificial altar of Ru.
  3523 | D:5      | Found a stormy altar of Qazlal.
  3542 | D:5      | Found a hazy altar of Hepliaklqana.
  3616 | D:5      | Reached * piety under Sif Muna
  3616 | D:5      | Reached XP level 8. HP: 61/63 MP: 10/16
  3671 | D:5      | Reached skill level 6 in Charms
  3826 | D:5      | Reached skill level 4 in Armour
  3858 | D:5      | Reached skill level 3 in Short Blades
  3858 | D:5      | Reached skill level 3 in Long Blades
  3858 | D:5      | Reached skill level 3 in Maces & Flails
  3858 | D:5      | Reached skill level 3 in Polearms
  3858 | D:5      | Reached skill level 3 in Staves
  3858 | D:5      | Reached skill level 3 in Slings
  3858 | D:5      | Reached skill level 3 in Bows
  3858 | D:5      | Reached skill level 3 in Crossbows
  3858 | D:5      | Reached skill level 3 in Throwing
  3858 | D:5      | Reached skill level 3 in Stealth
  3858 | D:5      | Reached skill level 3 in Shields
  3858 | D:5      | Reached skill level 3 in Unarmed Combat
  3858 | D:5      | Reached skill level 3 in Evocations
  4132 | D:6      | Noticed an angel
  4133 | D:6      | Found a shimmering altar of Xom.
  4136 | D:6      | Found a glowing silver altar of Zin.
  4356 | D:6      | Noticed Duvessa
  4356 | D:6      | Noticed Dowan
  4372 | D:6      | Killed Duvessa
  4372 | D:6      | Reached skill level 6 in Spellcasting
  4388 | D:6      | Killed Dowan
  4764 | D:6      | Found an iron altar of Okawaru.
  4832 | D:6      | Reached skill level 4 in Invocations
  4865 | D:6      | Noticed Eustachio
  4877 | D:6      | Killed Eustachio
  4877 | D:6      | Reached skill level 6 in Fighting
  4877 | D:6      | Reached skill level 6 in Axes
  4877 | D:6      | Reached skill level 6 in Dodging
  4877 | D:6      | Reached skill level 3 in Conjurations
  4877 | D:6      | Reached skill level 3 in Hexes
  4877 | D:6      | Reached skill level 3 in Summonings
  4877 | D:6      | Reached skill level 3 in Necromancy
  4877 | D:6      | Reached skill level 3 in Translocations
  4877 | D:6      | Reached skill level 3 in Transmutations
  4877 | D:6      | Reached skill level 3 in Fire Magic
  4877 | D:6      | Reached skill level 3 in Ice Magic
  4877 | D:6      | Reached skill level 3 in Air Magic
  4877 | D:6      | Reached skill level 3 in Earth Magic
  4877 | D:6      | Reached skill level 3 in Poison Magic
  4877 | D:6      | Reached XP level 9. HP: 66/69 MP: 5/18
  4984 | D:6      | Noticed Edmund
  5052 | D:6      | Killed Edmund
  5317 | D:7      | Reached skill level 4 in Short Blades
  5317 | D:7      | Reached skill level 4 in Long Blades
  5317 | D:7      | Reached skill level 4 in Maces & Flails
  5317 | D:7      | Reached skill level 4 in Polearms
  5317 | D:7      | Reached skill level 4 in Staves
  5317 | D:7      | Reached skill level 4 in Slings
  5317 | D:7      | Reached skill level 4 in Bows
  5317 | D:7      | Reached skill level 4 in Crossbows
  5317 | D:7      | Reached skill level 4 in Throwing
  5317 | D:7      | Reached skill level 4 in Stealth
  5317 | D:7      | Reached skill level 4 in Shields
  5317 | D:7      | Reached skill level 4 in Unarmed Combat
  5317 | D:7      | Reached skill level 4 in Evocations
  5417 | D:7      | Found a radiant altar of Vehumet.
  5419 | D:7      | Found a burning altar of Makhleb.
  5469 | D:7      | Reached skill level 5 in Armour
  5494 | D:7      | Found a staircase to the Ecumenical Temple.
  5577 | D:7      | Reached ** piety under Sif Muna
  5619 | Temple   | Entered the Ecumenical Temple
  6310 | D:8      | Reached skill level 5 in Invocations
  6329 | D:8      | Found a staircase to the Lair.
  6356 | D:8      | Noticed Erica
  6375 | D:8      | Killed Erica
  6375 | D:8      | Reached skill level 7 in Spellcasting
  6375 | D:8      | Reached skill level 4 in Conjurations
  6375 | D:8      | Reached skill level 4 in Hexes
  6375 | D:8      | Reached skill level 4 in Summonings
  6375 | D:8      | Reached skill level 4 in Necromancy
  6375 | D:8      | Reached skill level 4 in Translocations
  6375 | D:8      | Reached skill level 4 in Transmutations
  6375 | D:8      | Reached skill level 4 in Fire Magic
  6375 | D:8      | Reached skill level 4 in Ice Magic
  6375 | D:8      | Reached skill level 4 in Air Magic
  6375 | D:8      | Reached skill level 4 in Earth Magic
  6375 | D:8      | Reached skill level 4 in Poison Magic
  6375 | D:8      | Reached XP level 10. HP: 69/77 MP: 10/20
  6427 | D:8      | HP: 13/77 [hell hound/blast of flame (7)]
  6428 | D:8      | Killed from afar by a hell hound

Vault maps used:
D:1:      roderic_crossed_star, st_stairs_11, grunt_decor_arrowhead,
          minmay_tromino_i2
D:2:      grunt_temple_overflow_opulence, first_ration
D:3:      kennysheep_ying_yang
D:4:      lemuel_round_altar, lemuel_doored_altar
D:5:      grunt_qazlal_sundering, basic_altar, nicolae_ru_the_path_less_chosen,
          uniq_prince_ribbit1
D:6:      kennysheep_slugbush, grunt_temple_overflow_order_and_chaos_1,
          okawaru_trees_1, uniq_duvessa, uniq_grinder, uniq_eustachio,
          uniq_edmund
D:7:      grunt_temple_overflow_lords_of_destruction, minmay_temple_entry_glass,
          serial_undead, serial_undead_f, serial_undead_a, serial_undead_e,
          serial_undead_e
D:8:      minmay_lair_entry_lava, uniq_erica
Temple:   jpeg_temple_island

Skill      XL: |  1  2  3  4  5  6  7  8  9 |
---------------+----------------------------+-----
Spellcasting   | 5 6 7 |  7.1
Invocations    | 1 2 3 4 5 |  5.4
Short Blades   | 1 2 3 4 |  4.9
Long Blades    | 1 2 3 4 |  4.9
Maces & Flails | 1 2 3 4 |  4.9
Polearms       | 1 2 3 4 |  4.9
Staves         | 1 2 3 4 |  4.9
Slings         | 1 2 3 4 |  4.9
Bows           | 1 2 3 4 |  4.9
Crossbows      | 1 2 3 4 |  4.9
Throwing       | 1 2 3 4 |  4.9
Stealth        | 1 2 3 4 |  4.9
Shields        | 1 2 3 4 |  4.9
Unarmed Combat | 1 2 3 4 |  4.9
Evocations     | 1 2 3 4 |  4.9
Conjurations   | 1 2 3 4 |  4.1
Hexes          | 1 2 3 4 |  4.1
Summonings     | 1 2 3 4 |  4.1
Necromancy     | 1 2 3 4 |  4.1
Translocations | 1 2 3 4 |  4.1
Transmutations | 1 2 3 4 |  4.1
Fire Magic     | 1 2 3 4 |  4.1
Ice Magic      | 1 2 3 4 |  4.1
Air Magic      | 1 2 3 4 |  4.1
Earth Magic    | 1 2 3 4 |  4.1
Poison Magic   | 1 2 3 4 |  4.1
Armour         | 3 4 5 |  5.6
Fighting       | 5 6 |  6.8
Axes           | 5 6 |  6.8
Dodging        | 5 6 |  6.8
Charms         | 6 |  6.9

Action                   |  1- 3 |  4- 6 |  7- 9 | 10-12 || total
-------------------------+-------+-------+-------+-------++-------
Melee: Hand axe          |    70 |       |       |       ||    70
       Bite              |    11 |    27 |    78 |       ||   116
       Punch             |     1 |       |     8 |       ||     9
       Falchion          |    35 |   167 |   557 |       ||   759
       Scimitar          |       |       |       |    10 ||    10
 Cast: Regeneration      |       |     3 |    15 |     1 ||    19
       Shroud of Golubri |       |     3 |    10 |     1 ||    14
       Spectral Weapon   |       |     1 |     8 |       ||     9
       Infusion          |       |       |    13 |       ||    13
       Song of Slaying   |       |       |     3 |       ||     3
  Use: Scroll            |       |       |    10 |       ||    10
       Potion            |       |       |       |     1 ||     1
 Stab: Sleeping          |     1 |     4 |     8 |       ||    13
       Distracted        |       |       |     2 |       ||     2
  Eat: Chunk             |     1 |     6 |     9 |       ||    16
       Ration            |       |       |     2 |       ||     2
Armor: Leather armour    |    26 |    37 |    41 |       ||   104
       Robe              |       |       |    85 |     2 ||    87
       Skin              |       |       |       |     1 ||     1
Dodge: Dodged            |    77 |   179 |   449 |    16 ||   721
Block: Buckler           |       |       |    42 |     7 ||    49
       Rpst.: Falchion   |     4 |    60 |   125 |       ||   189
       Scimitar          |       |       |       |     7 ||     7

Table legend:
 A = Spawn XP
 B = Non-spawn XP
 C = Spawn XP percentage of total XP
 D = Spawn monster count
 E = Non-spawn monster count
 F = Spawn count percentage of total count
 G = Total turns spent on level
                    A         B        C        D         E        F      G
               +---------+---------+-------+---------+---------+-------+---------
         Total |       0 |    5450 |   0.0 |       0 |     161 |   0.0 |  6428
               +---------+---------+-------+---------+---------+-------+---------
           D:1 |       0 |      34 |   0.0 |       0 |      18 |   0.0 |   674
           D:2 |       0 |      77 |   0.0 |       0 |      25 |   0.0 |   964
           D:3 |       0 |     246 |   0.0 |       0 |      18 |   0.0 |   772
           D:4 |       0 |     429 |   0.0 |       0 |      13 |   0.0 |   834
           D:5 |       0 |     669 |   0.0 |       0 |      18 |   0.0 |   886
           D:6 |       0 |    1137 |   0.0 |       0 |      28 |   0.0 |  1097
           D:7 |       0 |    1511 |   0.0 |       0 |      33 |   0.0 |   770
           D:8 |       0 |    1347 |   0.0 |       0 |       8 |   0.0 |   198
               +---------+---------+-------+---------+---------+-------+---------
